 Dungeon Crawl Stone Soup version 0.30-a0-824-g6c64550be9 (webtiles) character file.

Game seed: 10161229455402497680

58720 cforsyth the Unseen (level 15, -3/90 HPs)
             Began as a Kobold Brigand on Feb 27, 2023.
             Was the Champion of Hepliaklqana.
             Slain by a spriggan rider
             ... wielding a +1 antimagic demon trident
              (42 damage)
             ... on level 5 of the Lair of Beasts.
             The game lasted 00:38:34 (21983 turns).

cforsyth the Unseen (Kobold Brigand)               Turns: 21983, Time: 00:38:34

Health: -3/90      AC: 15    Str:  5    XL:     15   Next: 31%
Magic:  0/15       EV: 29    Int: 13    God:    Hepliaklqana [******]
Gold:   1205       SH:  0    Dex: 29    Spells: 14/14 levels left

rFire   + + .      SeeInvis .    y - +9 dagger of Poapref {spect, rPois rC+++ Int+4 Dex-3}
rCold   + + +      Faith    .    (no shield)
rNeg    + . .      Spirit   .    x - +4 Cigotuvi's embrace {Corpsefed rMiasma Drain rN+}
rPois   +          Reflect  .    R - +0 hat "Ciesm" {rElec rF++}
rElec   +          Harm     .    F - +2 cloak
rCorr   .          Rampage  .    (no gloves)
Will    +++..                    q - +0 pair of boots
Stlth   +++++++++                V - amulet of the Filigreed Guava {Acrobat rC+ Will++ Int-5 Dex+3}
HPRegen 0.35/turn                b - ring "Onul" {rElec rPois rC+ Str-3 Dex+6}
MPRegen 0.14/turn                i - +4 ring of protection

@: no status effects
A: reduced essence, small, no large weapons, nightstalker 3
a: Renounce Religion, Recall Ancestor, Ancestor Identity, Transference, Idealise


You were on level 5 of the Lair of Beasts.
You worshipped Hepliaklqana.
Hepliaklqana was exalted by your worship.
You visited 3 branches of the dungeon, and saw 18 of its levels.
You also visited: Ossuary, Bailey, Gauntlet and Ice Cave.

You collected 2025 gold pieces.
You spent 820 gold pieces at shops.

Inventory:

Hand Weapons
 y - the +9 dagger of Poapref (weapon) {spect, rPois rC+++ Int+4 Dex-3}
   (You found it on level 5 of the Dungeon)

   Int:       It affects your intelligence (+4).
   Dex:       It affects your dexterity (-3).
   rC:        It renders you almost immune to cold.
   rPois:     It protects you from poison.
Missiles
 d - 68 poisoned darts (quivered)
 e - 14 curare-tipped darts
 O - 4 atropa-tipped darts
 Q - 4 datura-tipped darts
 T - 3 throwing nets
Armour
 c - a +1 cloak
 q - a +0 pair of boots (worn)
 x - the +4 Cigotuvi's embrace (worn) {Corpsefed rMiasma Drain rN+}
   (You bought it in a shop on level 2 of the Dungeon)

   Corpsefed: It gathers nearby corpses to temporarily increase the armour it
   provides.
   rMiasma:   It protects you from foul pestilence.
   rN:        It protects you from negative energy.
   Drain:     It drains your maximum health when unequipped.
 F - a +2 cloak (worn)
 R - the +0 hat "Ciesm" (worn) {rElec rF++}
   (You found it in a bailey)

   rF:        It greatly protects you from fire.
   rElec:     It insulates you from electricity.
Jewellery
 a - a ring of flight
 b - the ring "Onul" (left hand) {rElec rPois rC+ Str-3 Dex+6}
   (You bought it in a shop on level 6 of the Dungeon)

   [ring of protection from cold]

   Str:       It affects your strength (-3).
   Dex:       It affects your dexterity (+6).
   rC:        It protects you from cold.
   rElec:     It insulates you from electricity.
   rPois:     It protects you from poison.
 i - a +4 ring of protection (right hand)
 u - a ring of protection from fire
 w - the ring of Veor Det {MP+9 Int+4 Dex-4 Slay+2 SInv}
   (You found it in an ice cave)

   [ring of see invisible]

   Int:       It affects your intelligence (+4).
   Dex:       It affects your dexterity (-4).
   Slay:      It affects your accuracy & damage with ranged weapons and melee
   (+2).
   MP:        It affects your magic capacity (+9).
   SInv:      It lets you see invisible.
 I - the ring "Xounn" {Wiz rF++ Int+4}
   (You found it in a Gauntlet)

   [ring of wizardry]

   It improves your spell success rate.
   Int:       It affects your intelligence (+4).
   rF:        It greatly protects you from fire.
 V - the amulet of the Filigreed Guava (around neck) {Acrobat rC+ Will++ Int-5 Dex+3}
   (You found it on level 10 of the Dungeon)

   [amulet of the acrobat]

   It increases your evasion while moving and waiting.
   Int:       It affects your intelligence (-5).
   Dex:       It affects your dexterity (+3).
   rC:        It protects you from cold.
   Will:      It greatly increases your willpower.
 W - a ring of positive energy
 X - a ring of magical power
 Z - a ring of wizardry
Wands
 C - a wand of mindburst (6)
 G - a wand of paralysis (35)
 J - a wand of acid (22)
 U - a wand of flame (28)
 Y - a wand of iceblast (9)
Scrolls
 g - a scroll of silence
 j - 4 scrolls of blinking
 k - 3 scrolls of fear
 p - 4 scrolls of vulnerability
 s - 7 scrolls of teleportation
 D - a scroll of magic mapping
 E - a scroll of butterflies
 K - 4 scrolls of poison
 L - a scroll of enchant armour
 M - 3 scrolls of amnesia
 P - 3 scrolls of enchant weapon
 S - 3 scrolls of brand weapon
Potions
 f - 4 potions of brilliance
 h - 11 potions of curing
 l - 6 potions of mutation
 m - 3 potions of cancellation
 n - a potion of magic
 o - 6 potions of flight
 r - 7 potions of lignification
 t - 5 potions of invisibility
 v - 2 potions of haste
 z - 3 potions of heal wounds
 A - 3 potions of might
 B - 6 potions of resistance
 H - 2 potions of attraction
 N - 2 potions of ambrosia


   Skills:
 + Level 14.0 Fighting
 + Level 16.4 Short Blades
 - Level 2.1 Throwing
 + Level 15.0 Dodging
 + Level 18.3 Stealth
 + Level 4.9 Shields


You had 14 spell levels left.
You didn't know any spells.
Your spell library contained the following spells:

 Spells                   Type           Power      Damage    Failure   Level
 Necrotise                Necr           0%         1d4       45%         1
 Slow                     Hex            0%         N/A       45%         1
 Sting                    Tmut/Pois      0%         1d3       45%         1
 Blink                    Tloc           0%         N/A       61%         2
 Cigotuvi's Dreadful Rot  Necr/Pois/Air  0%         N/A       61%         2
 Lesser Beckoning         Tloc           0%         N/A       61%         2
 Momentum Strike          Conj/Tloc      0%         3d8       61%         2
 Gell's Gravitas          Tloc           0%         N/A       83%         3
 Inner Flame              Hex/Fire       0%         N/A       83%         3
 Portal Projectile        Hex/Tloc       0%         N/A       83%         3
 Teleport Other           Tloc           0%         N/A       83%         3
 Cause Fear               Hex            0%         N/A       99%         4
 Manifold Assault         Tloc           0%         N/A       99%         4
 Summon Lightning Spire   Summ/Air       0%         N/A       99%         4
 Alistair's Intoxication  Tmut/Pois      0%         N/A       100%        5
 Borgnjor's Vile Clutch   Necr/Erth      0%         N/A       100%        5
 Iskenderun's Battlesphe  Conj           0%         2d6       100%        5
 Yara's Violent Unravell  Hex/Tmut       0%         3d3       100%        5
 Conjure Ball Lightning   Conj/Air       0%         3x3d6     100%        6
 Dispersal                Tloc           0%         N/A       100%        6
 Eringya's Noxious Bog    Tmut/Pois      0%         N/A       100%        6
 Iron Shot                Conj/Erth      0%         9d1       100%        6
 Summon Cactus Giant      Summ           0%         N/A       100%        6
 Enfeeble                 Hex            0%         N/A       100%        7
 Haunt                    Necr/Summ      0%         N/A       100%        7
 Spellforged Servitor     Conj/Summ      0%         N/A       100%        7
 Storm Form               Tmut/Air       0%         N/A       100%        7
 Borgnjor's Revivificati  Necr           0%         N/A       100%        8
 Discord                  Hex            0%         N/A       100%        8
 Disjunction              Tloc           0%         N/A       100%        8


Dungeon Overview and Level Annotations

Branches:
Dungeon (12/15)            Temple (1/1) D:4            Lair (5/5) D:9
 Shoals (0/4) Lair:3        Snake (0/4) Lair:3        Slime (0/5) Lair:4
    Orc (0/2) D:10        Ossuary (visited)          Bailey (visited)
  IceCv (visited)         Gauntlet (visited)

Altars:
Ashenzari
Cheibriados
Dithmenos
Elyvilon
Fedhas
Gozag
Hepliaklqana
Kikubaaqudgha
Makhleb
Nemelex Xobeh
Okawaru
Qazlal
Ru
Sif Muna
Trog
Uskayaw
Vehumet
Wu Jian
Xom
Yredelemnul
Zin
The Shining One

Shops:
D:2 *   D:5 ?   D:6 *=   D:10 [   D:11 !([   D:12 :[

Annotations:
D:7 2 runed translucent doors
D:8 1 runed translucent door, SirDiesAlot's ghost, novice DsVM
D:9 3 runed translucent doors, SprigganGuy's ghost, novice SpMo
Lair:5 1 transporter, bakla's ghost, journeyman OpNe


Innate Abilities, Weirdness & Mutations

Your life essence is reduced to manifest your ancestor. (-10% HP)
You are small and have problems with some larger weapons.
You are completely attuned to the shadows.


Message History

You swap places.
There is a transporter here.
You enter the transporter and appear at another place.
Sunngifu hits the spriggan with a +0 dagger of draining.
The spriggan attacks as you move away!
The spriggan hits you but does no damage.
Found a bloodstained altar of Trog.
The spriggan rider shouts!
Sunngifu gestures at the spriggan while chanting.
The spriggan resists with almost no effort.
Found a Young Poisoner's Handbook.
Sunngifu hits the spriggan with a +0 dagger of draining!
The spriggan barely misses Sunngifu.
The spriggan rider misses you.
Sunngifu closely misses the spriggan.
You hit the spriggan rider.
The spriggan rider is lightly wounded.
Your +9 dagger of Poapref {spect, rPois rC+++ Int+4 Dex-3} hits the spriggan rider!
Sunngifu barely misses the spriggan.
The spriggan hits Sunngifu with a +0 short sword!
The moth of wrath goads the spriggan rider on!
The spriggan rider goes berserk!
The spriggan rider hits you with a +1 antimagic demon trident!!!
You feel your power leaking away.
You swap places.
Sunngifu misses the spriggan.
The spriggan rider hits you with a +1 antimagic demon trident!
The spriggan hits Sunngifu with a +0 short sword.
Sunngifu gestures at the spriggan while chanting.
The spriggan resists with almost no effort.
You puncture the moth of wrath!
The moth of wrath is lightly wounded.
Your +9 dagger of Poapref {spect, rPois rC+++ Int+4 Dex-3} hits the moth of wrath!
The spriggan rider completely misses you.
You puncture the moth of wrath!
The moth of wrath is severely wounded.
Your +9 dagger of Poapref {spect, rPois rC+++ Int+4 Dex-3} hits the moth of wrath!
The spriggan hits Sunngifu with a +0 short sword!
The moth of wrath closely misses you.
Sunngifu completely misses the spriggan.
The spriggan rider hits you with a +1 antimagic demon trident!!!
You die...

###............#####....##......
##............###iiW###..........
#............##..ii.# ##.........
.............###...## #.........
............##.# #i#≈ ##........
..#.P...[...#..# :i.# #i#........
.....P......#©.##._.....#........
###......#..#..y(...#..i#..P..#..
.##.........##.i@.#≈#..##........
#............#...§.##..#.........
#.P..........##..§iR.###......P..
###...........###.©.###..........
##.............#####............
#.(.........P....©..............
#P..........#P...........P......
##...............................
P###...........#....#.........#..


You could see the friendly Sunngifu the hexer, 2 spriggan riders, a moth of
wrath, 2 spriggans and a friendly +9 dagger of Poapref {spect, rPois rC+++ Int+4
Dex-3} (summoned).

Vanquished Creatures
  A white draconian (IceCv)
  A minotaur (Gauntlet)
  A green death (Gauntlet)
  2 hydras
  Harold (D:10)
  A boulder beetle (D:12)
  3 two-headed ogres
  Nergalle (D:10)
  An ugly thing (D:11)
  A wolf spider (Lair:3)
  A lindwurm (Lair:5)
  A deep elf pyromancer (D:12)
  14 elephants
  A cyclops (D:11)
  A merfolk siren (Lair:3)
  Maurice (D:8)
  4 black mambas
  2 ice statues (IceCv)
  2 orange demons (Gauntlet)
  Joseph (D:8)
  Maggie (D:8)
  7 cane toads
  A gargoyle (D:11)
  Psyche (D:8)
  6 komodo dragons (Lair:5)
  2 kobold demonologists
  An unseen horror (D:11)
  4 rime drakes
  5 trolls
  3 hornets
  12 polar bears
  2 raiju (Lair:5)
  7 dream sheep
  5 slime creatures (D:12)
  4 blink frogs
  A wraith (D:11)
  4 shadows
  3 wyverns (D:9)
  3 large abominations (Gauntlet)
  3 hogs (D:12)
  56 yaks
  A human (D:12)
  2 basilisks
  6 wargs (Lair:5)
  Menkaure (Ossuary)
  3 vampire mosquitoes (D:11)
  Edmund (D:4)
  13 hell hounds (Lair:5)
  24 water moccasins
  12 black bears
  A sky beast (D:7)
  An ice beast (D:6)
  9 orc warriors
  14 wolves
  2 ogres (D:5)
  2 centaurs
  A phantom (D:4)
  6 small abominations (Gauntlet)
  8 kobold brigands
  4 bullfrogs
  2 necrophages
  5 scorpions
  A hexer (Lair:4)
  9 wights
  A lindwurm simulacrum (IceCv)
  5 howler monkeys
  3 electric eels
  6 komodo dragon simulacra (IceCv)
  2 hounds
  9 orc priests
  2 jellies
  2 iguanas
  6 orc wizards
  3 mummies (Ossuary)
  6 acid dragon simulacra (IceCv)
  5 gnolls
  28 adders
  2 white imps
  6 steam dragon simulacra (IceCv)
  4 worms
  2 dart slugs (D:4)
  33 orcs
  6 endoplasms
  4 giant cockroaches
  2 gnoll zombies (Ossuary)
  12 goblins
  5 hobgoblins
  7 jackals
  24 kobolds
  6 quokkas
  6 ball pythons
  7 bats
  3 frilled lizards
  4 gnoll skeletons (Ossuary)
  3 goblin skeletons (Ossuary)
  3 goblin zombies (Ossuary)
  5 hobgoblin skeletons (Ossuary)
  4 hobgoblin zombies (Ossuary)
  2 kobold skeletons (Ossuary)
  3 kobold zombies (Ossuary)
  8 orc skeletons (Ossuary)
  5 orc zombies (Ossuary)
  7 rats
  3 rat skeletons (Ossuary)
  8 rat zombies (Ossuary)
  A spectral kobold (D:7)
563 creatures vanquished.

Vanquished Creatures (collateral kills)
  A two-headed ogre (D:11)
  A manticore (D:12)
  An elephant (Lair:2)
  A torpor snail (Lair:5)
  A rime drake (IceCv)
  A hornet (Lair:3)
  A blink frog (Lair:2)
  A slime creature (D:12)
  7 yaks
  4 water moccasins
  An orc warrior (Bailey)
  A black bear (Lair:5)
  2 wolves (Lair:5)
  2 kobold brigands (Bailey)
  A bullfrog (Lair:3)
  An electric eel (Lair:5)
  A komodo dragon simulacrum (IceCv)
  3 adders
  A steam dragon simulacrum (IceCv)
  3 orcs
  A goblin (D:9)
  A kobold (D:8)
37 creatures vanquished.

Vanquished Creatures (others)
  A rime drake (IceCv)
  5 hexers
  An adder (D:10)
  A bush (Lair:1)
  36 fungi
  125 plants
169 creatures vanquished.

Grand Total: 769 creatures vanquished

Notes
Turn   | Place    | Note
-------+----------+-------------------------------------------
     0 | D:1      | cforsyth the Kobold Brigand began the quest for the Orb.
     0 | D:1      | Reached XP level 1. HP: 12/12 MP: 1/1
   113 | D:1      | Reached XP level 2. HP: 18/18 MP: 2/2
   411 | D:1      | Reached XP level 3. HP: 20/22 MP: 3/3
   789 | D:2      | Reached XP level 4. HP: 27/27 MP: 4/4
   923 | D:2      | Reached skill level 6 in Stealth
  1129 | D:2      | Reached XP level 5. HP: 32/32 MP: 5/5
  1310 | D:2      | Found Bian's General Store.
  1450 | D:3      | Found a faded altar of an unknown god.
  1523 | D:3      | Found an ancient bone altar of Kikubaaqudgha.
  2557 | D:4      | Found a staircase to the Ecumenical Temple.
  2595 | Temple   | Entered the Ecumenical Temple
  3056 | D:4      | Reached XP level 6. HP: 33/37 MP: 6/6
  3105 | D:4      | Found a stormy altar of Qazlal.
  3535 | D:4      | Noticed Edmund
  3539 | D:4      | Killed Edmund
  3540 | D:4      | Reached skill level 5 in Short Blades
  3540 | D:4      | Reached skill level 7 in Stealth
  3756 | D:5      | Entered Level 5 of the Dungeon
  3758 | D:5      | Reached XP level 7. HP: 43/43 MP: 7/7
  3761 | D:5      | Identified the +9 dagger of Poapref {spect, rPois rC+++
                  | Int+4 Dex-3}
  4248 | D:5      | Found a sacrificial altar of Ru.
  4339 | D:5      | Found Gaat's Magic Scroll Shop.
  4927 | D:5      | Reached skill level 5 in Dodging
  4927 | D:5      | Reached skill level 8 in Stealth
  4927 | D:5      | Reached XP level 8. HP: 21/48 MP: 8/8
  5052 | D:5      | Reached skill level 5 in Fighting
  5434 | D:6      | Found Ytsuiss's Lightly-Used Armoury.
  5853 | D:6      | Found Enyng's Jewellery Emporium.
  5985 | D:6      | Reached skill level 9 in Stealth
  6402 | D:6      | Reached XP level 9. HP: 42/55 MP: 9/9
  6698 | D:7      | Identified a scroll of acquirement
  6698 | D:7      | Acquired 473 gold pieces
  6771 | D:7      | Found a sand-covered staircase.
  6777 | Ossuary  | Entered an ossuary
  7274 | Ossuary  | Noticed Menkaure
  7288 | Ossuary  | Killed Menkaure
  7467 | D:2      | Bought the +4 Cigotuvi's embrace {Corpsefed rMiasma Drain
                  | rN+} for 276 gold pieces
  7467 | D:2      | Found the +4 Cigotuvi's embrace {Corpsefed rMiasma Drain
                  | rN+}
  7601 | D:6      | Bought the ring "Onul" {rElec rPois rC+ Str-3 Dex+6} for
                  | 544 gold pieces
  7910 | D:7      | Found a hazy altar of Hepliaklqana.
  7920 | D:7      | Became a worshipper of Hepliaklqana the Forgotten
  8055 | D:7      | Found a shimmering blue altar of Sif Muna.
  8192 | D:7      | Found a runed translucent door.
  8209 | D:7      | Found a runed translucent door.
  8243 | D:7      | Reached skill level 10 in Stealth
  8737 | D:8      | Noticed Maurice
  8741 | D:8      | Killed Maurice
  8792 | D:8      | Found a runed translucent door.
  8793 | D:8      | Noticed a polar bear
  8794 | D:8      | Identified the +1 spear of Abuse {freeze, Str+3 Dex+4}
  8808 | D:8      | Reached * piety under Hepliaklqana
  8992 | D:8      | Found a snail-covered altar of Cheibriados.
  9143 | D:8      | Noticed a kobold demonologist
  9147 | D:8      | Killed a kobold demonologist
  9148 | D:8      | Reached XP level 10. HP: 56/56 MP: 10/10
  9172 | D:8      | Noticed Joseph
  9174 | D:8      | Found a blossoming altar of Fedhas.
  9175 | D:8      | Killed Joseph
  9323 | D:8      | Reached skill level 11 in Stealth
  9335 | D:8      | Noticed Psyche
  9339 | D:8      | Killed Psyche
  9391 | D:8      | Found a white marble altar of Elyvilon.
  9398 | D:8      | Noticed Maggie
  9402 | D:8      | Killed Maggie
  9461 | D:8      | Found a glowing silver altar of Zin.
  9461 | D:8      | Found a shadowy altar of Dithmenos.
  9525 | D:8      | Noticed a two-headed ogre
  9529 | D:8      | Killed a two-headed ogre
  9530 | D:8      | Reached skill level 10 in Short Blades
  9632 | D:8      | Reached ** piety under Hepliaklqana
  9633 | D:8      | Remembered your ancestor Sunngifu as a hexer
  9901 | D:8      | Noticed SirDiesAlot's ghost (novice DsVM)
  9925 | D:9      | Noticed a two-headed ogre
  9934 | D:9      | Killed a two-headed ogre
  9935 | D:9      | Reached skill level 12 in Stealth
  9973 | D:9      | Reached XP level 11. HP: 35/62 MP: 9/11
 10134 | D:9      | Found a runed translucent gate.
 10135 | D:9      | Found a runed translucent gate.
 10136 | D:9      | Found a runed translucent gate.
 10137 | D:9      | Noticed a ten-headed hydra
 10139 | D:9      | Noticed SprigganGuy's ghost (novice SpMo)
 10145 | D:9      | Reached skill level 10 in Dodging
 10226 | D:9      | Reached skill level 13 in Stealth
 10228 | D:9      | Found a flagged portal.
 10269 | Bailey   | Entered a bailey
 10428 | Bailey   | Found a bloodstained altar of Trog.
 10560 | Bailey   | Identified the +0 hat "Ciesm" {rElec rF++}
 10680 | D:9      | Reached skill level 10 in Fighting
 10730 | D:9      | Reached XP level 12. HP: 29/69 MP: 12/12
 10857 | D:9      | Found a staircase to the Lair.
 11211 | D:10     | Entered Level 10 of the Dungeon
 11221 | D:10     | Noticed Harold
 11226 | D:10     | Killed Harold
 11227 | D:10     | Reached skill level 14 in Stealth
 11235 | D:10     | Found a staircase to the Orcish Mines.
 11281 | D:10     | Noticed Nergalle
 11285 | D:10     | Killed Nergalle
 11770 | D:10     | Identified the amulet of the Filigreed Guava {Acrobat rC+
                  | Will++ Int-5 Dex+3}
 12269 | D:10     | Found Fyleh's Armour Boutique.
 12347 | D:11     | Reached *** piety under Hepliaklqana
 12370 | D:11     | Noticed a two-headed ogre
 12376 | D:11     | Killed a two-headed ogre
 12442 | D:11     | Noticed a two-headed ogre
 12446 | D:11     | Killed a two-headed ogre
 12447 | D:11     | Reached skill level 15 in Stealth
 12481 | D:11     | Found a gate leading to a gauntlet.
 12483 | D:11     | Found Voiskiu's Armour Shop.
 12488 | Gauntlet | Entered a Gauntlet
 12488 | Gauntlet | Found a transporter.
 12500 | Gauntlet | Found a transporter.
 12512 | Gauntlet | Noticed a hell beast
 12526 | Gauntlet | Noticed a large abomination
 12536 | Gauntlet | Found a transporter.
 12550 | Gauntlet | Found a runed translucent door.
 12562 | Gauntlet | Found a transporter.
 12562 | Gauntlet | Found a transporter.
 12583 | Gauntlet | Found a transporter.
 12586 | Gauntlet | Noticed a green death
 12596 | Gauntlet | Found a transporter.
 12618 | Gauntlet | Found a transporter.
 12631 | Gauntlet | Found a transporter.
 12632 | Gauntlet | Noticed a fire crab
 12652 | Gauntlet | Found a runed translucent door.
 12666 | Gauntlet | Found a transporter.
 12666 | Gauntlet | Found a transporter.
 12675 | Gauntlet | Found a transporter.
 12837 | Gauntlet | Reached XP level 13. HP: 11/75 MP: 13/13
 13043 | Gauntlet | Identified the ring "Xounn" {Wiz rF++ Int+4}
 13094 | Gauntlet | Killed a green death
 13105 | Gauntlet | Identified the +5 short sword of Pyromania {freeze, Int+2}
 13212 | Gauntlet | Noticed a minotaur
 13218 | Gauntlet | Killed a minotaur
 13222 | Gauntlet | Identified the +2 robe of Fuquixt {rN++ Str+3 Dex-4 SInv}
 13225 | Gauntlet | Identified the +2 leather armour "Fimeuk" {rN+}
 13226 | Gauntlet | Got Sorom's Secrets of the Wind and Despair
 13229 | Gauntlet | Got the Meditations on Hapless Beckoning
 13232 | Gauntlet | Got the Excursus on Sculpting and Weather
 13273 | D:11     | Found Xoipont's Antique Weapon Emporium.
 13392 | D:11     | Reached **** piety under Hepliaklqana
 13506 | D:11     | Found Vaufeum's Distillery.
 14170 | D:12     | Reached skill level 16 in Stealth
 14377 | D:12     | Identified the +1 sling of the Thirteen Youths {elec,
                  | Contam rElec Will++ Dex+2}
 14448 | D:12     | Found Adweded's Book Shoppe.
 14635 | D:12     | Found Icreusm's Armour Shoppe.
 15133 | Lair:1   | Entered Level 1 of the Lair of Beasts
 15358 | Lair:1   | Reached skill level 1 in Shields
 15569 | Lair:1   | Identified the +7 scale mail "Teyr" {rElec}
 15890 | Lair:1   | Reached ***** piety under Hepliaklqana
 16129 | Lair:2   | Reached skill level 15 in Short Blades
 16129 | Lair:2   | Reached XP level 14. HP: 82/82 MP: 14/14
 16845 | Lair:2   | Reached skill level 17 in Stealth
 17142 | Lair:3   | Found a frozen archway.
 17148 | IceCv    | Entered an ice cave
 17625 | IceCv    | Noticed a white draconian
 17642 | IceCv    | Killed a white draconian
 17902 | IceCv    | Identified the ring of Veor Det {MP+9 Int+4 Dex-4 Slay+2
                  | SInv}
 17906 | IceCv    | Identified the ring "Fyorih" {Fly Int+4}
 18085 | Lair:3   | Found a staircase to the Snake Pit.
 18382 | Lair:3   | Identified the +0 pair of boots of the Lost Xeniums {rF+}
 19165 | Lair:3   | Found a staircase to the Shoals.
 19867 | Lair:4   | Found a staircase to the Slime Pits.
 20508 | Lair:5   | Entered Level 5 of the Lair of Beasts
 20563 | Lair:5   | Found a transporter.
 20579 | Lair:5   | Found a transporter.
 20887 | Lair:5   | Reached XP level 15. HP: 90/90 MP: 15/15
 21017 | Lair:5   | Reached skill level 18 in Stealth
 21256 | Lair:5   | Reached skill level 15 in Dodging
 21952 | Lair:5   | Noticed bakla's ghost (journeyman OpNe)
 21953 | Lair:5   | Reached ****** piety under Hepliaklqana
 21978 | Lair:5   | Found a bloodstained altar of Trog.
 21983 | Lair:5   | Slain by a spriggan rider

Illustrated notes

Levels and vault maps discovered:
D:1:      nzn_arrival_settlement, layout_rooms, minmay_splitting_lines,
          minmay_misc_feat_secret_circle, minmay_3d_cube
D:2:      layout_basic, serial_shops, shop
D:3:      layout_loops_cross, mainiacjoe_overflow_boulevard,
          shapermc_ecumenical_altar_ellora, chequers_serial_rivers_marsh
D:4:      layout_layer_cave, mainiacjoe_overflow_tiny_flanked, temple_green,
          uniq_edmund
D:5:      layout_rooms, lemuel_tele_altar, serial_shops, shop
D:6:      layout_basic, serial_shops, nicolae_shop_waterfront,
          minmay_shop_damaged
D:7:      lemuel_insect_pit, layout_gridville, mainiacjoe_overflow_brackets,
          nicolae_hepliaklqana_monster_ancestors, nicolae_ossuary_entry_plus,
          chequers_avenue, minmay_misc_feat_alley, minmay_misc_feat_four_crosses
D:8:      layout_layer_cave, cheibriados_altar_1,
          mainiacjoe_overflow_large_starburst, gammafunk_temple_overflow_statue,
          ebering_ghost_funeral_grove, uniq_maggie, uniq_maurice, uniq_psyche,
          uniq_joseph
D:9:      layout_rooms, minmay_lair_entry_grove, lightli_bailey_entry_fortress,
          gammafunk_ghost_hydra_chop, minmay_misc_feat_rugged
D:10:     lemuel_reptile_caves, layout_basic, minmay_orc_entry_temple_small,
          serial_shops, kennysheep_mini, hangedman_abyss_or_decor_stabs,
          uniq_harold, uniq_nergalle
D:11:     layout_small_grid, serial_shops, shop, shop,
          nicolae_shop_advertising_works [nicolae_subvault_shop_adworks],
          gauntlet_entry_generic
D:12:     layout_cave_pods, serial_shops, nicolae_shop_behind_doors, shop,
          grunt_livestock, mrwooster_statue_mirror
Temple:   chequers_temple_sunken
Lair:1:   dreamdust_cave_troll, layout_long_grid, beast_lair_carwin_9,
          grunt_megastairs_2, lemuel_fruit_tree
Lair:2:   layout_cave_pods
Lair:3:   minmay_lair_venomous_thicket, layout_loops_ring,
          minmay_shoals_entry_lonely_mermaid, dummy_snake_entry,
          portal_ice_cave_entry_pillars_1, infiniplex_staircase_pool,
          serial_bayou_shore_a
Lair:4:   layout_roguey, slime_entry_1
Lair:5:   hangedman_lair_caniforms_friends, layout_gridlike,
          gammafunk_ghost_wrathful_warriors

Skill      XL: |  1  2  3  4  5  6  7  8  9 10 11 12 13 14 15 |
---------------+----------------------------------------------+-----
Short Blades   | 3 4 5 6 7 8 10 12 13 15 16 | 16.4
Dodging        | 2 3 4 5 6 7 9 11 12 13 14 15 | 15.0
Fighting       | 3 4 6 7 8 10 11 12 13 14 | 14.0
Stealth        | 6 7 8 9 10 12 13 15 16 17 18 | 18.3
Shields        | 1 4 |  4.9
Throwing       | |  2.1

Action                     |  1- 3 |  4- 6 |  7- 9 | 10-12 | 13-15 || total
---------------------------+-------+-------+-------+-------+-------++-------
  Melee: Dagger            |    73 |   182 |   506 |   426 |   759 ||  1946
         Punch             |     1 |     2 |    13 |     6 |    17 ||    39
 Invoke: Recall Ancestor   |       |       |       |     2 |       ||     2
         Ancestor Life: He |       |       |       |     1 |       ||     1
    Use: Potion            |       |     2 |     1 |       |     1 ||     4
         Scroll            |       |       |    15 |    14 |     5 ||    34
   Stab: Sleeping          |    14 |    30 |    35 |    21 |    28 ||   128
         Distracted        |       |       |     2 |    14 |    34 ||    50
         Confused          |       |       |       |     7 |    22 ||    29
         Invisible         |       |       |       |       |     1 ||     1
         Paralysed         |       |       |       |       |     7 ||     7
 Armour: Robe              |     6 |    20 |    43 |       |       ||    69
         Leather armour    |       |       |     5 |    77 |   104 ||   186
  Dodge: Dodged            |    35 |    51 |   181 |   313 |   579 ||  1159

Table legend: (Time is in decaauts)
 A = Elapsed time spent in this place.
 B = Non-inter-level travel time spent in this place.
 C = Inter-level travel time spent in this place.
 D = Time resting spent in this place.
 E = Time spent auto-exploring this place.
 F = Levels seen in this place.
 G = Mean time per level.
                   A        B        C        D        E       F      G
               +--------+--------+--------+--------+--------+-----+--------+
         Total |  21115 |  20004 |   1111 |   1607 |  14973 |  22 |  959.8 |
       Dungeon |  12715 |  11733 |    982 |    444 |   9464 |  12 | 1059.6 |
        Temple |    284 |    252 |     32 |      0 |    243 |   1 |  284.0 |
          Lair |   5682 |   5586 |     96 |    348 |   4440 |   5 | 1136.4 |
       Ossuary |    483 |    483 |      0 |      0 |    211 |   1 |  483.0 |
        Bailey |    328 |    328 |      0 |    147 |     89 |   1 |  328.0 |
      Ice Cave |    901 |    901 |      0 |    453 |    273 |   1 |  901.0 |
      Gauntlet |    718 |    718 |      0 |    215 |    252 |   1 |  718.0 |
               +--------+--------+--------+--------+--------+-----+--------+

Top non-repeatable levels by time:
     D:4: 1873 daAuts
     D:6: 1595 daAuts
  Lair:5: 1364 daAuts
  Lair:3: 1315 daAuts
     D:8: 1183 daAuts
  Lair:4: 1101 daAuts
     D:7: 1095 daAuts
  Lair:2: 1073 daAuts
    D:10: 1073 daAuts
    D:12: 1062 daAuts
    D:11: 906 daAuts
   IceCv: 901 daAuts
     D:9: 887 daAuts
  Lair:1: 827 daAuts
     D:3: 817 daAuts
